 Dungeon Crawl Stone Soup version 0.20-a0-839-gdaf5c57 (webtiles) character file.

33 Dfrag the Firebug (level 3, 16/24 HPs)
             Began as a Demonspawn Fire Elementalist on Mar 8, 2017.
             Quit the game on level 2 of the Dungeon.
             The game lasted 00:00:53 (925 turns).

Dfrag the Firebug (Demonspawn Fire Elementalist)     Turns: 925, Time: 00:00:54

Health: 16/24      AC:  2    Str:  8    XL:     3   Next: 12%
Magic:  6/6        EV: 12    Int: 17    God:
Gold:   41         SH:  0    Dex: 13    Spells: 5/6 levels left

rFire    . . .     SeeInvis .   k - +1 hand axe (venom)
rCold    . . .     Gourm    .   a - +0 robe
rNeg     . . .     Faith    .   (no shield)
rPois    .         Spirit   .   (helmet restricted)
rElec    .         Reflect  .   (no cloak)
rCorr    .         Harm     .   (no gloves)
MR       .....                  (no boots)
Stlth    ++........             (no amulet)
Regen    0.1/turn               (no ring)
MPRegen  0.1/turn               (no ring)

@: no status effects
A: antennae 1, powered by death 1
a: no special abilities


You were on level 2 of the Dungeon.
You were not hungry.

You visited 1 branch of the dungeon, and saw 2 of its levels.

You collected 41 gold pieces.

Inventory:

Hand Weapons
 k - a +1 hand axe of venom (weapon)
Armour
 a - a +0 robe (worn)
Scrolls
 d - a scroll of fear {unknown}
 e - a scroll of immolation {unknown}
 h - a scroll of fog {unknown}
 i - a scroll of enchant weapon {unknown}
 j - a scroll of blinking {unknown}
 p - a scroll of magic mapping {unknown}
Potions
 g - 3 potions of curing {unknown}
 m - a potion of degeneration {unknown}
 n - a potion of brilliance {unknown}
Books
 b - a book of Flames

   Spells                             Type                      Level
   a - Flame Tongue                   Conjuration/Fire             1
   b - Throw Flame                    Conjuration/Fire             2
   c - Conjure Flame                  Conjuration/Fire             3
   d - Inner Flame                    Hexes/Fire                   3
   e - Sticky Flame                   Conjuration/Fire             4
   f - Fireball                       Conjuration/Fire             5
Comestibles
 c - 2 bread rations
 f - a royal jelly
 l - 4 fruits
 o - 3 chunks of flesh


   Skills:
 - Level 1.7 Dodging
 - Level 1.7 Stealth
 + Level 2.3 Spellcasting
 + Level 2.0 Conjurations
 + Level 3.1 Fire Magic


You had 5 spell levels left.
You knew the following spells:

 Your Spells              Type           Power        Failure   Level  Hunger
a - Flame Tongue          Conj/Fire      ##...        10%         1    #......


Dungeon Overview and Level Annotations

Branches:
Dungeon (2/15)

Altars:


Innate Abilities, Weirdness & Mutations

You have a pair of small antennae on your head.
You regenerate a little health from kills.


Message History

You see here a scale mail.
You see here a club.
Found a stone staircase leading down.
Magic restored.
You now have 41 gold pieces (gained 18).
A goblin comes into view. It is wielding a dagger.
The goblin shouts!
A goblin is nearby!
You barely miss the goblin. The goblin hits you with a dagger.
You barely miss the goblin. The goblin completely misses you.
You barely miss the goblin. The goblin barely misses you.
The goblin misses you.
You barely miss the goblin. The goblin hits you with a dagger.
You closely miss the goblin. The goblin closely misses you.
You completely miss the goblin. The goblin hits you but does no damage.
The goblin hits you with a dagger.
You hit the goblin.
The goblin is poisoned.
The goblin is severely wounded.
The goblin barely misses you.
Are you sure you want to abandon this character and quit the game? (Confirm with "yes".)

#.#######.#.#.......
#.# #..>#[#.......
#.# #.###.#.......
#.# #...).#.......
#.#####..####.......
#.#......# ........
####.#.##...#
.......
#.......#...#
######@.#....
#g.#.#.# #..#.#.#
#..#.#.# #..# #..#
#..# #..#


You could see a goblin.

Vanquished Creatures
  A gnoll (D:1)
  An adder (D:2)
  A leopard gecko (D:1)
  A giant cockroach (D:2)
  5 goblins (D:1)
  2 hobgoblins
  A quokka (D:2)
  A bat (D:1)
13 creatures vanquished.

Notes
Turn   | Place    | Note
-------+----------+-------------------------------------------
     0 | D:1      | Dfrag the Demonspawn Fire Elementalist began the quest for the Orb.
     0 | D:1      | Reached XP level 1. HP: 13/13 MP: 3/3
   323 | D:1      | Gained mutation: You regenerate a little health from kills. [demonic ancestry]
   323 | D:1      | Reached XP level 2. HP: 13/19 MP: 5/5
   794 | D:1      | Reached skill level 3 in Fire Magic
   861 | D:2      | Gained mutation: You have a pair of small antennae on your head. [demonic ancestry]
   861 | D:2      | Reached XP level 3. HP: 17/24 MP: 0/6
   925 | D:2      | Quit the game

Vault maps used:
D:1:      sevenhm_arrival_forest_fort_small_3
D:2:      gammafunk_temple_overflow_wave, uniq_iyjb

Skill      XL: |  1  2 |
---------------+-------+-----
Fire Magic     | 3 |  3.1
Conjurations   | 2 |  2.0
Dodging        | |  1.7
Stealth        | |  1.7
Spellcasting   | |  2.3

Action                   || total
-------------------------++-------
Melee: Hand axe          ||    26
       Unarmed           ||     1
 Cast: Flame Tongue      ||    17
 Stab: Sleeping          ||     1
Armor: Robe              ||     3
Dodge: Dodged            ||    20
